 Dungeon Crawl Stone Soup version 0.26-a0-639-g72c4674329 (webtiles) character file.

Game seed: 6205467508744390811

197 Borgoz the Sneak (level 6, 0/36 HPs)
             Began as a Kobold Enchanter on Sept 18, 2020.
             Succumbed to a kobold's poison
             ... on level 3 of the Dungeon.
             The game lasted 00:04:40 (2632 turns).

Borgoz the Sneak (Kobold Enchanter)                 Turns: 2632, Time: 00:04:41

Health: 0/36       AC:  5    Str:  4 (7)  XL:     6   Next: 5%
Magic:  9/9        EV: 15    Int: 15 (16) God:
Gold:   168        SH:  0    Dex: 15 (16) Spells: 8/9 levels left

rFire    + . .     SeeInvis .   a - +2 dagger (protect)
rCold    . . .     Faith    .   (shield restricted)
rNeg     . . .     Spirit   .   v - +2 leather armour {rF+}
rPois    .         Reflect  .   (no helmet)
rElec    .         Harm     .   (no cloak)
rCorr    .         Rampage  .   (no gloves)
MR       .....                  (no boots)
Stlth    +++++.....             (no amulet)
HPRegen  0.12/turn              k - ring of stealth
MPRegen  0.11/turn              t - ring of wizardry

@: brilliant, lethally poisoned (0 -> -30), hasted, very quick
A: small, nightstalker 3
a: no special abilities


You were on level 3 of the Dungeon.
You visited 1 branch of the dungeon, and saw 3 of its levels.

You collected 168 gold pieces.

Inventory:

Hand Weapons
 a - a +2 dagger of protection (weapon)
 i - a +1 dagger of freezing
Armour
 v - a +2 leather armour of fire resistance (worn)
Jewellery
 k - a ring of stealth (left hand)
 t - a ring of wizardry (right hand)
Wands
 s - a wand of flame (5)
Scrolls
 c - 2 scrolls of random uselessness {unknown}
 d - 5 scrolls of remove curse
 e - a scroll of enchant weapon {unknown}
 f - a scroll of blinking {unknown}
 g - 2 scrolls of enchant armour {unknown}
 h - 2 scrolls of teleportation {unknown}
 j - 2 scrolls of fear {unknown}
 m - a scroll of fog {unknown}
 n - a scroll of magic mapping {unknown}
 p - a scroll of identify {unknown}
 r - a scroll of noise {unknown}
Potions
 b - a potion of haste


   Skills:
 + Level 2.6 Fighting
 + Level 3.8 Short Blades
 + Level 1.1 Armour
 + Level 3.9 Dodging
 + Level 4.9 Stealth
 - Level 2.1 Spellcasting
 - Level 3.0 Hexes


You had 8 spell levels left.
You knew the following spells:

 Your Spells              Type           Power        Failure   Level
a - Corona                Hex            ###....      4%          1

Your spell library contained the following spells:

 Spells                   Type           Power        Failure   Level
 Ensorcelled Hibernation  Hex/Ice        #.....       12%         2
 Confusing Touch          Hex            ###.....     13%         3
 Tukima's Dance           Hex            ###.....     13%         3
 Dazzling Flash           Conj/Hex       #.....       24%         3


Dungeon Overview and Level Annotations

Branches:
Dungeon (3/15)

Altars:


Innate Abilities, Weirdness & Mutations

You are small and have problems with some larger weapons.
You are completely attuned to the shadows.


Message History

You are more poisoned.
You feel yourself speed up.
You feel very sick. The kobold hits you but does no damage.
You feel sick.
The orc wizard casts a spell.
The orc wizard flickers and vanishes!
Deactivating autopickup; reactivate with Ctrl-A.
You feel sick.
* * * LOW HITPOINT WARNING * * *
You feel sick.
* * * LOW HITPOINT WARNING * * *
You feel very sick.
* * * LOW HITPOINT WARNING * * *
You feel sick.
* * * LOW HITPOINT WARNING * * *
You feel sick.
* * * LOW HITPOINT WARNING * * *
You feel sick.
You die...

#.##.## #.....
#.##.##.###.##
#.......# #.#
####.######.##
#.##....†.# #†# .#....#
########.##.#.##.#
###..[......#.......
#..@)..##......##†.#
##.
#.#.#..##)#.#......#
..##.#.#)....#†#####.##
#.##K#.#)##..#.# ##.##
#.##{#.#.##..#.# #...#
#....#.........# #...#
#l#########.### #...#
####)##### # #...#
....{a...# ###..)#


There were no monsters in sight!

Vanquished Creatures
  2 orc wizards (D:3)
  5 adders
  2 oozes
  5 leopard geckos
  12 orcs (D:3)
  A ball python (D:3)
  2 giant cockroaches
  4 goblins
  9 hobgoblins
  4 jackals (D:1)
  9 kobolds
  A quokka (D:3)
  6 bats
  6 frilled lizards
  5 rats
73 creatures vanquished.

Notes
Turn   | Place    | Note
-------+----------+-------------------------------------------
     0 | D:1      | Borgoz the Kobold Enchanter began the quest for the Orb.
     0 | D:1      | Reached XP level 1. HP: 10/10 MP: 3/3
   195 | D:1      | Reached XP level 2. HP: 16/16 MP: 5/5
   533 | D:1      | Reached skill level 1 in Fighting
   648 | D:1      | Reached XP level 3. HP: 20/20 MP: 6/6
   848 | D:2      | Reached XP level 4. HP: 14/26 MP: 7/7
  1717 | D:3      | Reached XP level 5. HP: 26/30 MP: 8/8
  2314 | D:3      | Reached skill level 1 in Armour
  2379 | D:3      | Reached XP level 6. HP: 13/36 MP: 9/9
  2632 | D:3      | Succumbed to a kobold's poison

Illustrated notes

Levels and vault maps discovered:
D:1:      dpeg_arrival_arbitrary_b, layout_basic
D:2:      layout_rooms
D:3:      layout_loops_cross, uniq_robin

Skill      XL: |  1  2  3  4  5 |
---------------+----------------+-----
Fighting       | 1 2 |  2.6
Short Blades   | 2 3 |  3.8
Dodging        | 3 |  3.9
Armour         | 1 |  1.1
Stealth        | |  4.9
Spellcasting   | |  2.1
Hexes          | |  3.0

Action                   |  1- 3 |  4- 6 || total
-------------------------+-------+-------++-------
Melee: Dagger            |    46 |   191 ||   237
  Use: Scroll            |       |     1 ||     1
       Potion            |       |     6 ||     6
 Stab: Sleeping          |    18 |    20 ||    38
       Distracted        |       |     2 ||     2
Armor: Robe              |     5 |       ||     5
       Leather armour    |       |    67 ||    67
Dodge: Dodged            |    20 |   153 ||   173

Table legend: (Time is in decaauts)
 A = Elapsed time spent in this place.
 B = Non-inter-level travel time spent in this place.
 C = Inter-level travel time spent in this place.
 D = Time resting spent in this place.
 E = Time spent auto-exploring this place.
 F = Levels seen in this place.
 G = Mean time per level.
                   A        B        C        D        E       F      G
               +--------+--------+--------+--------+--------+-----+--------+
         Total |   2571 |   2468 |    103 |    364 |   1609 |   3 |  857.0 |
       Dungeon |   2571 |   2468 |    103 |    364 |   1609 |   3 |  857.0 |
               +--------+--------+--------+--------+--------+-----+--------+

Top non-repeatable levels by time:
     D:3: 973 daAuts
     D:1: 807 daAuts
     D:2: 790 daAuts
